 Dungeon Crawl Stone Soup version 0.22.0-38-g04b72b8 (webtiles) character file.

6682 Marcoleric the Cruncher (level 11, 0/69 HPs)
             Began as a Gargoyle Gladiator on Aug 27, 2018.
             Was an Initiate of Gozag.
             Killed by divine providence
             ... invoked by an orc priest
              (10 damage)
             ... on level 10 of the Dungeon.
             The game lasted 00:35:56 (8456 turns).

Marcoleric the Cruncher (Gargoyle Gladiator)        Turns: 8456, Time: 00:35:57

Health: 0/69       AC: 20    Str: 27    XL:     11   Next: 3%
Magic:  11/11      EV: 14    Int:  8    God:    Gozag
Gold:   581        SH:  0    Dex: 11    Spells: 10/10 levels left

rFire    . . .     SeeInvis .   a - +0 quarterstaff
rCold    . . .     Gourm    .   (shield currently unavailable)
rNeg     + . .     Faith    .   m - +1 leather armour of Fanaticism {Str+5}
rPois    ∞         Spirit   .   o - +2 helmet
rElec    +         Reflect  .   (no cloak)
rCorr    .         Harm     .   (no gloves)
MR       .....                  (no boots)
Stlth    +++.......             (no amulet)
HPRegen  0.21/turn              p - +5 ring of protection
MPRegen  0.12/turn              j - ring of stealth

@: no status effects
A: negative energy resistance 1, electricity resistance, unbreathing,
petrification resistance, rot immunity, AC +8
a: Potion Petition, Call Merchant, Bribe Branch, Renounce Religion


You were on level 10 of the Dungeon.
You worshipped Gozag.
Gozag was pleased with you.
You were full.

You visited 2 branches of the dungeon, and saw 11 of its levels.

You collected 1531 gold pieces.
You spent 343 gold pieces at shops.
You paid 607 gold pieces to Gozag.

Inventory:

Hand Weapons
 a - a +0 quarterstaff (weapon)
 e - a +1 spear
 n - a +0 whip of flaming
 u - a +0 quarterstaff
Missiles
 d - 3 throwing nets
 y - 8 javelins of penetration (quivered)
Armour
 b - a +2 leather armour
 c - a +0 helmet
 m - the +1 leather armour of Fanaticism (worn) {Str+5}
   (You bought it in a shop on level 8 of the Dungeon)

   It affects your strength (+5).
 o - a +2 helmet (worn)
 q - a +0 leather armour
Jewellery
 j - a ring of stealth (right hand)
 p - a +5 ring of protection (left hand)
Wands
 s - a wand of flame (11)
 t - a wand of paralysis (12)
 w - a wand of iceblast (11)
Scrolls
 g - a scroll of teleportation
 i - 4 scrolls of remove curse
 r - 3 scrolls of magic mapping
 v - 2 scrolls of enchant armour
Potions
 h - a potion of agility
 l - 4 potions of degeneration
 x - a potion of curing
Comestibles
 f - 15 rations


   Skills:
 * Level 8.8 Fighting
 * Level 6.3(9.2) Maces & Flails
 + Level 10.4(11.1) Staves
 + Level 2.0 Throwing
 + Level 3.7 Armour
 + Level 5.9 Dodging
 + Level 3.8 Stealth
 + Level 0.5 Evocations


You had 10 spell levels left.
You didn't know any spells.
Your spell library contained the following spells:

 Spells                   Type           Power        Failure   Level  Hunger
 Confusing Touch          Hex            #.....       43%         1    ##.....
 Magic Dart               Conj           #...         43%         1    ##.....
 Blink                    Tloc           N/A          58%         2    ###....
 Call Imp                 Summ           #.......     58%         2    ###....
 Slow                     Hex            #.......     58%         2    ###....
 Confuse                  Hex            #.......     82%         3    ####...
 Conjure Flame            Conj/Fire      #.......     82%         3    ####...
 Gell's Gravitas          Tloc           #.........   82%         3    ####...
 Mephitic Cloud           Conj/Pois/Air  #.......     82%         3    ####...
 Petrify                  Tmut/Erth      #.......     99%         4    #####..
 Metabolic Englaciation   Hex/Ice        #.........   100%        5    ######.
 Yara's Violent Unravell  Hex/Tmut       #.........   100%        5    ######.


Dungeon Overview and Level Annotations

Branches:
Dungeon (10/15)            Temple (1/1) D:5
   Lair: D:8-11         Orc: D:9-12

Altars:
Gozag
Makhleb
Nemelex Xobeh
Ru
Sif Muna
Uskayaw
Xom
Yredelemnul
Zin
The Shining One

Shops:
D:5 (   D:8 [


Innate Abilities, Weirdness & Mutations

You are resistant to torment.
Your stone body is resilient. (AC +8)
You are immune to poison.
You resist negative energy. (rN+)
You are resistant to electric shocks. (rElec)
You can survive without breathing.
You are immune to petrification.
You are immune to rotting.


Message History

The orc warrior burns you.
You hit the orc warrior but do no damage.
The orc warrior is moderately wounded.
The orc warrior hits you but does no damage.
You barely miss the orc warrior.
The orc warrior is moderately wounded.
The orc priest mumbles some strange prayers to Beogh against you.
Beogh smites you!
You thump the orc warrior!
The orc warrior is severely wounded.
The orc warrior closely misses you.
The orc priest invokes the aid of Beogh against you.
Beogh smites you!
The orc priest invokes the aid of Beogh against you.
Beogh smites you!
* * * LOW HITPOINT WARNING * * *
The orc priest invokes the aid of Beogh against you.
Beogh smites you!
You die...
Your body crumbles into a pile of gold.

$ .. ...#
######################.#
.......@o...o.o.........
##########..o.....####.#
#........# #.#
#........# #.#
#........# #..
#........# #..
#........# #..
#........#####.
#.........))(((


You could see an orc warrior, 2 orc priests and an orc.

Vanquished Creatures
  Josephine (D:10)
  A two-headed ogre (D:9)
  Pikel (D:7)
  A manticore (D:9)
  A hippogriff (D:10)
  5 wraiths (D:10)
  A basilisk (D:10)
  Eustachio (D:6)
  Grum (D:8)
  2 orc warriors
  2 sky beasts (D:5)
  2 ice beasts
  A phantom (D:7)
  2 necrophages
  An eye of draining (D:9)
  2 wolves (D:8)
  An ogre (D:4)
  2 centaurs
  2 big kobolds
  A bullfrog (D:7)
  3 scorpions
  11 killer bees
  2 wights (D:9)
  4 crimson imps
  A bullfrog zombie (D:5)
  4 hounds
  2 orc priests (D:5)
  A centaur skeleton (D:9)
  A jelly (D:8)
  Terence (D:2)
  7 orc wizards
  2 worker ants
  A hound zombie (D:9)
  A worker ant zombie (D:9)
  Robin (D:3)
  10 adders
  A howler monkey skeleton (D:5)
  A shadow imp (D:9)
  5 oozes
  4 adder skeletons
  3 worms
  3 dart slugs
  4 leopard geckos
  24 orcs
  A ball python (D:5)
  8 giant cockroaches
  11 goblins
  10 hobgoblins
  11 kobolds
  2 quokkas
  4 bats
  9 frilled lizards
  6 rats
190 creatures vanquished.

Vanquished Creatures (others)
  A jelly (D:7)
  An orc wizard (D:8)
  A worker ant (D:7)
3 creatures vanquished.

Grand Total: 193 creatures vanquished

Notes
Turn   | Place    | Note
-------+----------+-------------------------------------------
     0 | D:1      | Marcoleric the Gargoyle Gladiator began the quest for the Orb.
     0 | D:1      | Reached XP level 1. HP: 12/12 MP: 1/1
    76 | D:1      | Reached XP level 2. HP: 12/17 MP: 2/2
  1163 | D:2      | Reached XP level 3. HP: 22/22 MP: 3/3
  1195 | D:2      | Found an opulent altar of Gozag.
  1242 | D:2      | Became a worshipper of Gozag Ym Sagoz the Greedy
  1278 | D:2      | Noticed Terence
  1286 | D:2      | Killed Terence
  1286 | D:2      | Reached XP level 4. HP: 27/27 MP: 4/4
  1503 | D:2      | Reached skill level 4 in Staves
  1695 | D:2      | Reached skill level 1 in Armour
  2027 | D:3      | Reached XP level 5. HP: 31/32 MP: 5/5
  2063 | D:3      | Found a deep blue altar of Sif Muna.
  2291 | D:3      | Noticed Robin
  2316 | D:3      | Killed Robin
  2331 | D:3      | Reached skill level 5 in Staves
  2560 | D:3      | Found a burning altar of Makhleb.
  2637 | D:3      | Found a sparkling altar of Nemelex Xobeh.
  3008 | D:4      | Found a glowing golden altar of the Shining One.
  3158 | D:4      | Reached XP level 6. HP: 35/37 MP: 6/6
  3597 | D:5      | Entered Level 5 of the Dungeon
  3597 | D:5      | Found Biar's Weapon Emporium.
  3682 | D:5      | Reached skill level 1 in Stealth
  3759 | D:5      | Reached XP level 7. HP: 36/43 MP: 7/7
  3906 | D:5      | Reached skill level 1 in Maces & Flails
  3906 | D:5      | Reached skill level 6 in Staves
  3918 | D:5      | Found a staircase to the Ecumenical Temple.
  3922 | Temple   | Entered the Ecumenical Temple
  4152 | D:6      | Noticed Eustachio
  4206 | D:6      | Killed Eustachio
  4210 | D:6      | Reached XP level 8. HP: 44/48 MP: 8/8
  4277 | D:6      | Reached skill level 5 in Fighting
  4924 | D:7      | Noticed Pikel
  4936 | D:7      | Killed Pikel
  4936 | D:7      | Reached skill level 7 in Staves
  5008 | D:7      | Found a glowing silver altar of Zin.
  5011 | D:7      | Noticed an angel
  5014 | D:7      | Found a shimmering altar of Xom.
  5131 | D:7      | Reached XP level 9. HP: 13/55 MP: 9/9
  5474 | D:7      | Reached skill level 8 in Staves
  6066 | D:8      | Bought the +1 leather armour of Fanaticism {Str+5} for 343 gold pieces
  6455 | D:9      | Noticed a manticore
  6470 | D:9      | Killed a manticore
  6470 | D:9      | Reached skill level 9 in Staves
  6610 | D:9      | Found a sacrificial altar of Ru.
  6649 | D:9      | Noticed a two-headed ogre
  6941 | D:8      | Noticed Grum
  6963 | D:8      | Reached skill level 5 in Dodging
  6971 | D:8      | Killed Grum
  6971 | D:8      | Reached skill level 5 in Maces & Flails
  6971 | D:8      | Reached XP level 10. HP: 34/63 MP: 10/10
  7354 | D:9      | Killed a two-headed ogre
  7725 | D:9      | Found a hide-covered altar of Uskayaw.
  7756 | D:10     | Entered Level 10 of the Dungeon
  7756 | D:10     | Found a shimmering altar of Xom.
  7794 | D:10     | Noticed Josephine
  7810 | D:10     | Killed Josephine
  7810 | D:10     | Reached skill level 10 in Staves
  8320 | D:10     | Reached XP level 11. HP: 61/69 MP: 11/11
  8456 | D:10     | Killed from afar by an orc priest

Skill      XL: |  1  2  3  4  5  6  7  8  9 10 |
---------------+-------------------------------+-----
Staves         | 4 5 6 7 9 10 | 10.4
Armour         | 1 2 3 |  3.7
Fighting       | 3 4 5 7 8 |  8.8
Dodging        | 3 4 5 |  5.9
Stealth        | 1 2 3 |  3.8
Maces & Flails | 2 3 5 6 |  6.3
Throwing       | 2 |  2.0
Evocations     | |  0.5

Action                   |  1- 3 |  4- 6 |  7- 9 | 10-12 || total
-------------------------+-------+-------+-------+-------++-------
Melee: Quarterstaff      |    57 |   243 |   439 |   255 ||   994
Throw: Throwing net      |     2 |       |       |       ||     2
       Javelin           |       |       |       |     4 ||     4
Invok: Potion Petition   |     1 |       |       |       ||     1
       Call Merchant     |       |       |     1 |       ||     1
Evoke: Wand              |       |       |     4 |       ||     4
  Use: Scroll            |     3 |     7 |    10 |     2 ||    22
       Potion            |     3 |       |     5 |     3 ||    11
 Stab: Held in net/web   |     1 |       |       |       ||     1
       Sleeping          |     1 |       |     2 |     2 ||     5
       Distracted        |       |     1 |       |     3 ||     4
  Eat: Ration            |     1 |     3 |     3 |     2 ||     9
Armor: Leather armour    |    16 |    94 |   263 |   110 ||   483
Dodge: Dodged            |    28 |   169 |   313 |   152 ||   662
